 Dungeon Crawl Stone Soup version 0.20.1-1-g8b1a95d (webtiles) character file.

10194 Schiappus the Cleaver (level 11, -7/109 HPs)
             Began as a Troll Berserker on Nov 26, 2017.
             Was an Elder of Trog.
             Mangled by a porcupine (8 damage)
             ... on level 1 of the Lair of Beasts on Nov 27, 2017.
             The game lasted 00:50:49 (9609 turns).

Schiappus the Cleaver (Troll Berserker)             Turns: 9609, Time: 00:50:50

Health: -7/109     AC: 12    Str: 28    XL:     11   Next: 33%
Magic:  10/10      EV: 14    Int: 10    God:    Trog [****..]
Gold:   603        SH:  2    Dex: 13    Spells: 10/10 levels left

rFire    x . .     SeeInvis .   v - +3 war axe
rCold    . . .     Gourm    +   (no shield)
rNeg     . . .     Faith    .   q - +2 robe of Altruism {rF- Int+3 Dex+2}
rPois    .         Spirit   .   (helmet restricted)
rElec    .         Reflect  +   (no cloak)
rCorr    +         Harm     .   (gloves unavailable)
MR       .....     Rnd*Rage +   (boots unavailable)
Stlth    ++........             w - +2 amulet of reflection
Regen    0.7/turn               l - +4 ring of protection
MPRegen  0.2/turn               B - ring of resist corrosion

@: lethally poisoned (-7 -> -8)
A: unfitting armour, claws 3, berserk 1, blurry vision 2, clever 2, fast
metabolism 3, gourmand, regeneration 1, screaming 1, shaggy fur 2, tough skin 2,
subdued magic 1, MP-powered wands
a: Berserk, Trog's Hand, Brothers in Arms, Burn Spellbooks, Renounce Religion


You were on level 1 of the Lair of Beasts.
You worshipped Trog.
Trog was greatly pleased with you.
You were full.

You visited 3 branches of the dungeon, and saw 12 of its levels.
You also visited: Sewer and Ossuary.

You collected 603 gold pieces.

Inventory:

Hand Weapons
 v - a +3 war axe (weapon)
 z - a +0 vampiric war axe
Armour
 q - the +2 robe of Altruism (worn) {rF- Int+3 Dex+2}
   (You found it on level 4 of the Dungeon)

   It affects your intelligence (+3).
   It affects your dexterity (+2).
   It makes you vulnerable to fire.
Jewellery
 g - an uncursed ring of protection from cold
 l - a +4 ring of protection (left claw)
 o - an uncursed amulet of guardian spirit
 w - a +2 amulet of reflection (around neck)
 B - a ring of resist corrosion (right claw)
Wands
 e - a wand of flame (29/48)
 j - a wand of polymorph (3/24)
 t - a wand of random effects (17/48)
 x - a wand of confusion (35/48)
 y - a wand of paralysis (9/24)
Scrolls
 a - 2 scrolls of fog
 b - a scroll of magic mapping
 f - 5 scrolls of teleportation
 i - 5 scrolls of remove curse
 r - 2 scrolls of recharging
Potions
 d - 13 potions of curing
 h - 2 potions of magic
 k - 3 potions of might
 n - 2 potions of agility
 p - 2 potions of haste
 u - a potion of berserk rage
Comestibles
 c - 12 bread rations
 m - 5 meat rations
 s - a royal jelly


   Skills:
 + Level 7.1 Fighting
 + Level 11.2 Axes
 + Level 7.5 Dodging
 + Level 2.5 Stealth


You had 10 spell levels left.
You didn't know any spells.

Dungeon Overview and Level Annotations

Branches:
Dungeon (10/15)            Temple (1/1) D:6            Lair (1/6) D:10
    Orc (0/2) D:10

Altars:
Ashenzari
Cheibriados
Dithmenos
Elyvilon
Fedhas
Gozag
Hepliaklqana
Kikubaaqudgha
Makhleb
Nemelex Xobeh
Okawaru
Qazlal
Ru
Sif Muna
Trog
Uskayaw
Vehumet
Xom
Yredelemnul
Zin
The Shining One
Beogh

Shops:
D:7 :

Annotations:
D:9 exclusion: statue


Innate Abilities, Weirdness & Mutations

You are too large for most types of armour.
You have claws for hands.
Your metabolism is lightning-fast.
You like to eat raw meat.
Your natural rate of healing is unusually fast.
You are covered in thick fur. (AC +2)
You have very tough skin. (AC +2)
You tend to lose your temper in combat.
Scrolls take you longer to read.
Your mind is very acute. (Int +4)
You occasionally shout uncontrollably at your foes.
Your spells are a little easier to cast, but a little less powerful.
You expend magic power (3 MP) to strengthen your wands.


Message History

The spiny frog stings you.
You hit the spiny frog but do no damage.
The spiny frog is moderately wounded.
You are struck by the porcupine's spines.
You closely miss the porcupine.
You feel sick.
The porcupine bites you but does no damage.
The spiny frog completely misses you.
You hit the spiny frog.
The spiny frog is moderately wounded.
You are struck by the porcupine's spines.
* * * LOW HITPOINT WARNING * * *
You barely miss the porcupine.
You feel sick. The porcupine barely misses you. The spiny frog stings you!
* * * LOW HITPOINT WARNING * * *
You fail to use your ability.
You feel sick. The porcupine bites you!
* * * LOW HITPOINT WARNING * * *
The spiny frog stings you but does no damage.
* * * LOW HITPOINT WARNING * * *
You feel sick. The spiny frog barely misses you. The porcupine bites you!
You die...

.....####.>#
.##........#
....P.....###
...(....#.#.######.
#.................
#......#.......###
#..#...+......#...
#....#.#.F....#...
........r@.......
..#.#.#.#.#.#$#.#
.. ..........>...
#F#.#.#.#.#.#.#
...............
#.#.#.#.# #.#.#
#####.... #.##
#.!.. ..


You could see a spiny frog and a porcupine.

Vanquished Creatures
  Erolcha (D:9)
  Erica (D:8)
  A two-headed ogre (D:10)
  An unseen horror (D:10)
  A spiny frog (Lair:1)
  Joseph (D:7)
  A centaur skeleton (D:10)
  A komodo dragon (D:10)
  3 hippogriffs
  Sigmund (D:4)
  The ghost of ThereIsNoGod the Covered, an amateur MiFi (D:4)
  2 wraiths (D:10)
  Grum (D:9)
  2 porcupines (D:10)
  4 orc warriors (D:10)
  3 black bears
  An ice beast (D:10)
  3 sky beasts (D:10)
  3 ogres (D:8)
  A phantom (D:4)
  3 wolves (D:9)
  A necrophage (D:9)
  A centaur (D:10)
  A crocodile (Sewer)
  A big kobold (D:7)
  3 bullfrogs
  A gnoll sergeant (D:10)
  2 water moccasin zombies (Ossuary)
  7 scorpions
  A water moccasin skeleton (D:6)
  An electric eel (D:10)
  A howler monkey (D:4)
  2 wights
  8 crimson imps
  2 bullfrog zombies
  A centaur zombie (D:7)
  2 jellies
  6 hounds
  An orc wizard (D:5)
  6 orc priests
  A bullfrog skeleton (D:4)
  Jessica (D:3)
  4 iguanas
  4 worker ants
  2 big kobold zombies (Ossuary)
  A hound zombie (D:10)
  A hound skeleton (D:9)
  2 mummies (Ossuary)
  3 gnolls (D:10)
  A howler monkey skeleton (D:7)
  11 adders
  A shadow imp (D:10)
  An ooze (D:4)
  An adder skeleton (D:6)
  10 adder zombies (Ossuary)
  6 worms
  A dart slug (D:3)
  5 leopard geckos
  12 orcs
  10 bats
  6 giant cockroaches
  7 goblins
  10 hobgoblins
  14 jackals
  8 quokkas
  2 ball pythons
  3 frilled lizards
  6 hobgoblin zombies (Ossuary)
  2 jackal skeletons
  13 kobolds
  4 kobold zombies (Ossuary)
  2 orc zombies (Ossuary)
  20 rats
  2 fungi (D:10)
  3 plants (D:10)
264 creatures vanquished.

Vanquished Creatures (collateral kills)
  The ghost of Fingolfin the Cleaver, a novice FoFi of Ru (D:10)
  Pikel (D:7)
  Duvessa (D:7)
  An orc warrior (D:6)
  2 slaves (D:7)
  An ogre (D:7)
  A wolf (D:9)
  A bullfrog (D:7)
  Dowan (D:7)
  A scorpion (D:10)
  6 wights
  A jelly (D:7)
  An orc priest (D:10)
  An orc wizard (D:10)
  An orc (D:10)
  A ball python (D:6)
22 creatures vanquished.

Vanquished Creatures (others)
  2 slaves (D:7)
  A shadow imp (D:7)
  6 fungi (D:10)
  12 plants (D:10)
21 creatures vanquished.

Grand Total: 307 creatures vanquished

Notes
Turn   | Place    | Note
-------+----------+-------------------------------------------
     0 | D:1      | Schiappus the Troll Berserker began the quest for the Orb.
     0 | D:1      | Reached XP level 1. HP: 22/22 MP: 0/0
   111 | D:1      | Reached XP level 2. HP: 28/29 MP: 1/1
   263 | D:1      | Reached skill level 3 in Axes
   322 | D:1      | Reached ** piety under Trog
   390 | D:1      | Reached XP level 3. HP: 36/36 MP: 2/2
  1198 | D:2      | Reached XP level 4. HP: 34/44 MP: 3/3
  1534 | D:3      | Noticed Jessica
  1546 | D:3      | Killed Jessica
  1549 | D:3      | Reached skill level 4 in Axes
  1610 | D:3      | Reached XP level 5. HP: 50/52 MP: 4/4
  1612 | D:3      | Reached *** piety under Trog
  1732 | D:3      | Found an ancient bone altar of Kikubaaqudgha.
  1734 | D:3      | Found a shattered altar of Ashenzari.
  1979 | D:3      | Noticed a black bear
  1990 | D:3      | Killed a black bear
  1990 | D:3      | Reached XP level 6. HP: 36/61 MP: 1/5
  2245 | D:4      | Noticed ThereIsNoGod's ghost (amateur MiFi)
  2262 | D:4      | Killed ThereIsNoGod's ghost
  2262 | D:4      | Reached skill level 5 in Axes
  2262 | D:4      | Reached XP level 7. HP: 58/67 MP: 1/6
  2389 | D:4      | Got a wizard robe
  2454 | D:4      | Noticed Sigmund
  2488 | D:4      | Killed Sigmund
  2488 | D:4      | Reached skill level 1 in Stealth
  2670 | D:4      | Found a glowing drain.
  2701 | Sewer    | Entered a sewer
  2892 | Sewer    | Identified the +2 robe of Altruism {rF- Int+3 Dex+2} (You found it on level 4 of the Dungeon)
  3080 | D:4      | Reached skill level 6 in Axes
  3360 | D:5      | Entered Level 5 of the Dungeon
  3380 | D:5      | Reached XP level 8. HP: 48/78 MP: 7/7
  3628 | D:5      | Reached **** piety under Trog
  4243 | D:6      | Found a staircase to the Ecumenical Temple.
  4280 | Temple   | Entered the Ecumenical Temple
  4383 | D:6      | Found a sparkling altar of Nemelex Xobeh.
  4420 | D:7      | Reached skill level 5 in Dodging
  4443 | D:7      | Noticed Pikel
  4447 | D:7      | Reached skill level 7 in Axes
  4454 | D:7      | Killed Pikel
  4484 | D:7      | Noticed Duvessa
  4524 | D:7      | Found Umodum's Book Shop.
  4548 | D:7      | Reached XP level 9. HP: 77/85 MP: 8/8
  4554 | D:7      | Noticed Joseph
  4555 | D:7      | Noticed Dowan
  4563 | D:7      | Killed Duvessa
  4568 | D:7      | Killed Joseph
  4569 | D:7      | Killed Dowan
  4740 | D:7      | Found a sand-covered staircase.
  4748 | Ossuary  | Entered an ossuary
  4829 | Ossuary  | Reached skill level 8 in Axes
  5335 | D:6      | Found a bloodstained altar of Trog.
  5419 | D:6      | Reached ***** piety under Trog
  5926 | D:8      | Found a shadowy altar of Dithmenos.
  6114 | D:8      | Reached skill level 5 in Fighting
  6279 | D:8      | Noticed Erica
  6614 | D:8      | Killed Erica
  6614 | D:8      | Reached skill level 9 in Axes
  6933 | D:9      | Reached XP level 10. HP: 96/96 MP: 9/9
  6955 | D:9      | Noticed Erolcha
  6971 | D:9      | Killed Erolcha
  7074 | D:9      | Gained mutation: Scrolls take you a little longer to read. [potion of mutation]
  7074 | D:9      | Gained mutation: Your spells are a little easier to cast, but a little less powerful. [potion of mutation]
  7074 | D:9      | Gained mutation: You are covered in thick fur. (AC +2) [potion of mutation]
  7281 | D:9      | Noticed Grum
  7308 | D:9      | Killed Grum
  7533 | D:9      | Found a radiant altar of Vehumet.
  7615 | D:9      | Found a basalt altar of Yredelemnul.
  7622 | D:9      | Found a glowing silver altar of Zin.
  7706 | D:10     | Entered Level 10 of the Dungeon
  7709 | D:10     | Found a staircase to the Lair.
  7717 | D:10     | Reached skill level 10 in Axes
  8035 | D:10     | Found a staircase to the Orcish Mines.
  8159 | D:10     | Gained mutation: You occasionally shout uncontrollably at your foes. [mutagenic meat]
  8160 | D:10     | Gained mutation: You tend to lose your temper in combat. [mutagenic meat]
  8161 | D:10     | Gained mutation: Your mind is acute. (Int +2) [mutagenic meat]
  8162 | D:10     | Gained mutation: Scrolls take you longer to read. [mutagenic meat]
  8163 | D:10     | Gained mutation: Your mind is very acute. (Int +4) [mutagenic meat]
  8164 | D:10     | Gained mutation: You expend magic power (3 MP) to strengthen your wands. [mutagenic meat]
  8278 | D:10     | Noticed a two-headed ogre
  8292 | D:10     | Killed a two-headed ogre
  8292 | D:10     | Reached XP level 11. HP: 37/107 MP: 10/10
  8307 | D:10     | HP: 1/107 [electric eel/bolt of electricity (10)]
  8558 | D:10     | Noticed Fingolfin's ghost (novice FoFi)
  8574 | D:10     | Killed Fingolfin's ghost
  8873 | D:10     | Found a roughly hewn altar of Beogh.
  9016 | D:10     | Reached skill level 11 in Axes
  9100 | D:10     | Killed an unseen horror
  9483 | Lair:1   | Entered Level 1 of the Lair of Beasts
  9608 | Lair:1   | HP: 1/109 [porcupine (10)]
  9609 | Lair:1   | Mangled by a porcupine

Skill      XL: |  1  2  3  4  5  6  7  8  9 10 11 |
---------------+----------------------------------+-----
Axes           | 3 4 5 6 7 9 10 11 | 11.2
Dodging        | 3 4 5 6 7 |  7.5
Fighting       | 3 4 5 6 7 |  7.1
Stealth        | 1 2 |  2.5

Action                   |  1- 3 |  4- 6 |  7- 9 | 10-12 || total
-------------------------+-------+-------+-------+-------++-------
Melee: Hand axe          |   166 |   144 |   224 |       ||   534
       War axe           |       |       |   237 |   296 ||   533
Invok: Berserk           |       |     1 |     3 |     4 ||     8
       Brothers in Arms  |       |       |     6 |     3 ||     9
       Burn Spellbooks   |       |       |     1 |       ||     1
  Use: Scroll            |       |    11 |    13 |     1 ||    25
       Potion            |       |       |     6 |     6 ||    12
 Stab: Sleeping          |     1 |     2 |     4 |     1 ||     8
  Eat: Chunk             |    17 |     8 |    52 |    37 ||   114
Armor: Animal skin       |    78 |    82 |    48 |       ||   208
       Robe              |       |       |   149 |   148 ||   297
Dodge: Dodged            |    93 |    69 |   281 |   193 ||   636
Block: Other             |       |       |    24 |    20 ||    44
